 Dungeon Crawl Stone Soup version 0.29-a0-194-g6e3aafee17 (webtiles) character file.

Game seed: 8397089182077216020

4 ZeroWinrate the Blocker (level 1, 0/13 HPs)
             Began as a Gnoll Wanderer on Feb 22, 2022.
             Slain by a dart slug (3 damage)
             ... on level 1 of the Dungeon.
             The game lasted 00:00:42 (380 turns).

ZeroWinrate the Blocker (Gnoll Wanderer)             Turns: 380, Time: 00:00:43

Health: 0/13       AC:  2    Str:  9    XL:     1   Next: 60%
Magic:  3/4        EV: 12    Int: 11    God:
Gold:   29         SH:  8    Dex: 13    Spells: 4/5 levels left

rFire   . . .      SeeInvis .   a - +0 dagger
rCold   . . .      Faith    .   d - +2 buckler
rNeg    . . .      Spirit   .   c - +0 robe
rPois   .          Reflect  .   (no helmet)
rElec   .          Harm     .   (no cloak)
rCorr   .          Rampage  .   (no gloves)
Will    .....                   (no boots)
Stlth   +.........              (no amulet)
HPRegen 0.04/turn               (no ring)
MPRegen 0.09/turn               (no ring)

@: no status effects
A: fangs 1, strong nose, distributed training
a: no special abilities


You were on level 1 of the Dungeon.
You visited 1 branch of the dungeon, and saw 1 of its levels.

You collected 29 gold pieces.

Inventory:

Hand Weapons
 a - a +0 dagger (weapon)
Armour
 c - a +0 robe (worn)
 d - a +2 buckler (worn)
Wands
 b - a wand of polymorph (7)
Scrolls
 e - a scroll of enchant armour {unknown}


   Skills:
 + Level 0.1 Fighting
 + Level 0.1 Short Blades
 + Level 0.1 Long Blades
 + Level 0.1 Axes
 + Level 0.1 Maces & Flails
 + Level 0.1 Polearms
 + Level 0.1 Staves
 + Level 0.1 Slings
 + Level 0.1 Bows
 + Level 0.1 Crossbows
 + Level 0.1 Throwing
 + Level 0.1 Armour
 + Level 2.4 Dodging
 + Level 0.1 Stealth
 + Level 8.4 Shields
 + Level 0.1 Unarmed Combat
 + Level 2.6 Spellcasting
 + Level 0.1 Conjurations
 + Level 3.6 Hexes
 + Level 0.1 Summonings
 + Level 0.1 Necromancy
 + Level 0.1 Translocations
 + Level 0.1 Transmutations
 + Level 0.1 Fire Magic
 + Level 0.1 Ice Magic
 + Level 0.1 Air Magic
 + Level 0.1 Earth Magic
 + Level 0.1 Poison Magic
 + Level 0.2 Invocations
 + Level 4.4 Evocations


You had 4 spell levels left.
You knew the following spells:

 Your Spells              Type           Power      Damage    Failure   Level
a - Slow                  Hex            36%        N/A       8%          1

Your spell library contained the following spells:

 Spells                   Type           Power      Damage    Failure   Level
 Corpse Rot               Necr/Air       2%         N/A       43%         2
 Inner Flame              Hex/Fire       5%         N/A       43%         3
 Dispel Undead            Necr           1%         3d6       97%         4
 Death Channel            Necr           0%         N/A       100%        6


Dungeon Overview and Level Annotations

Branches:
Dungeon (1/15)

Altars:


Innate Abilities, Weirdness & Mutations

You have very sharp teeth.
Your uncanny sense of smell can sniff out nearby items.
Your experience applies equally to all skills.


Message History

A dart slug is nearby!
The dart slug launches a dart at you. The slug dart hits you.
You hit the dart slug but do no damage. The dart slug barely misses you.
You hit the dart slug.
The dart slug is moderately wounded.
The dart slug launches a dart at you. The slug dart hits you.
You are too injured to fight recklessly!
You are too injured to fight recklessly!
You are too injured to fight recklessly!
You are too injured to fight recklessly!
You are too injured to fight recklessly!
A dart slug is nearby!
A dart slug is nearby!
A dart slug is nearby!
You are too injured to fight recklessly!
Casting: Slow (safe; 8% risk of failure)
Confirm with . or Enter, or press ? or * to list all spells.
Aiming: Slow (safe; 8% risk of failure)
Press: ? - help, Shift-Dir - straight line, f - dart slug
Aim: a dart slug (moderately wounded, chance to affect: 64%)
The dart slug seems to slow down.
Unknown command.
You hit the dart slug but do no damage.
The dart slug is moderately wounded.
The dart slug bites you.
* * * LOW HITPOINT WARNING * * *
You hit the dart slug.
The dart slug is moderately wounded.
You hit the dart slug.
The dart slug is heavily wounded.
You block the dart slug's attack.
You aren't carrying any potions.
You hit the dart slug.
The dart slug is severely wounded.
You completely miss the dart slug.
The dart slug is severely wounded.
The dart slug bites you.
You die...

####.#####.#.#
...........#.#.
####.#######.#.# # #.#
#.#.# ####.# #.#.#
..##.# #.#.# #†##.#
#.#.# ..##.#
#.#.########.
####.#######....@w......
#...........#########
#########.#.# #####


You could see a dart slug (slow).

Vanquished Creatures
  2 hobgoblins (D:1)
  A bat (D:1)
  A kobold (D:1)
4 creatures vanquished.

Notes
Turn   | Place    | Note
-------+----------+-------------------------------------------
     0 | D:1      | ZeroWinrate the Gnoll Wanderer began the quest for the Orb.
     0 | D:1      | ZeroWinrate set off with the following items: a +0 dagger,
                  | a wand of polymorph (7), a +0 robe, a +2 buckler; and the
                  | following spell memorised: Slow; and the following spells
                  | available to memorise: Inner Flame
     0 | D:1      | Reached XP level 1. HP: 13/13 MP: 4/4
   380 | D:1      | Slain by a dart slug

Illustrated notes

Levels and vault maps discovered:
D:1:      dpeg_arrival_brainrot, layout_basic

Action                   || total
-------------------------++-------
Melee: Dagger            ||    25
       Bite              ||     1
 Cast: Slow              ||     1
Armor: Robe              ||     3
Dodge: Dodged            ||     4
Block: Buckler           ||    10

Table legend: (Time is in decaauts)
 A = Elapsed time spent in this place.
 B = Non-inter-level travel time spent in this place.
 C = Inter-level travel time spent in this place.
 D = Time resting spent in this place.
 E = Time spent auto-exploring this place.
 F = Levels seen in this place.
 G = Mean time per level.
                   A        B        C        D        E       F      G
               +--------+--------+--------+--------+--------+-----+--------+
         Total |    380 |    380 |      0 |      0 |    328 |   1 |  380.0 |
       Dungeon |    380 |    380 |      0 |      0 |    328 |   1 |  380.0 |
               +--------+--------+--------+--------+--------+-----+--------+

Top non-repeatable levels by time:
     D:1: 380 daAuts
